 Dungeon Crawl Stone Soup version 0.30-a0-297-g0ec75d9ef4 (webtiles) character file.

Game seed: 12414171308071276398

78 sleeves the Vexing (level 4, -6/31 HPs)
             Began as a Vampire Hexslinger on Oct 18, 2022.
             Mangled by Crazy Yiuf
             ... wielding a +2 quarterstaff of chaos
              (10 damage)
             ... on level 2 of the Dungeon.
             The game lasted 00:03:47 (1759 turns).

sleeves the Vexing (Vampire Hexslinger)             Turns: 1759, Time: 00:03:48

Health: -6/31      AC:  4    Str:  9    XL:     4   Next: 15%
Magic:  5/5        EV: 12    Int: 17    God:
Gold:   107        SH:  0    Dex: 14    Spells: 4/5 levels left

rFire   . . .      SeeInvis +    f - +3 short sword (elec)
rCold   . . .      Faith    .    (no shield)
rNeg    . . .      Spirit   .    c - +0 robe
rPois   .          Reflect  .    e - +0 helmet
rElec   .          Harm     .    i - +0 cloak
rCorr   .          Rampage  .    (no gloves)
Will    .....                    (no boots)
Stlth   +++.......               (no amulet)
HPRegen 0.45/turn                (no ring)
MPRegen 0.09/turn                (no ring)

@: healing quickly
A: alive, fangs 3, see invisible, vampiric 2
a: Exsanguinate


You were on level 2 of the Dungeon.
You visited 1 branch of the dungeon, and saw 2 of its levels.

You collected 107 gold pieces.

Inventory:

Hand Weapons
 a - a +1 sling
 b - a +0 dagger
   (You found it on level 1 of the Dungeon)
 f - a +3 short sword of electrocution (weapon)
   (You took it off a kobold on level 2 of the Dungeon)
Armour
 c - a +0 robe (worn)
 e - a +0 helmet (worn)
   (You took it off Robin on level 2 of the Dungeon)
 i - a +0 cloak (worn)
   (You found it on level 2 of the Dungeon)
Scrolls
 h - a scroll of blinking {unknown}
Potions
 d - a potion of mutation


   Skills:
 - Level 0.8 Fighting
 + Level 2.8 Short Blades
 - Level 1.5 Ranged Weapons
 - Level 2.1 Dodging
 + Level 4.3 Stealth
 - Level 1.0 Spellcasting
 - Level 4.4 Hexes


You had 4 spell levels left.
You knew the following spells:

 Your Spells              Type           Power      Damage    Failure   Level
a - Slow                  Hex            60%        N/A       3%          1

Your spell library contained the following spells:

 Spells                   Type           Power      Damage    Failure   Level
 Inner Flame              Hex/Fire       8%         N/A       26%         3
 Portal Projectile        Hex/Tloc       16%        N/A       26%         3
 Cause Fear               Hex            7%         N/A       34%         4
 Animate Dead             Necr           0%         N/A       91%         4
 Haunt                    Necr/Summ      0%         N/A       100%        7
 Infestation              Necr           0%         N/A       100%        8


Dungeon Overview and Level Annotations

Branches:
Dungeon (2/15)

Altars:

Annotations:
D:2 Crazy Yiuf


Innate Abilities, Weirdness & Mutations

Your natural rate of healing is accelerated.
You have razor-sharp teeth.
You have supernaturally acute eyesight. (SInv)
You are afflicted with vampirism and can become a bat while bloodless.


Message History

Welcome, sleeves the Vampire Hexslinger.
It is said that the Orb of Zot exists deep within this dungeon.
Press ? for a list of commands and other information.
Found 3 stones and a bubbling puce potion.
Found a staircase leading out of the dungeon.
Found 5 stones.
You see here 3 stones.
d - a bubbling puce potion
Found a club.
You now have 6 gold pieces.
You see here 5 stones.
e - a glowing amethyst potion You now have 15 gold pieces (gained 9).
You now have 24 gold pieces (gained 9).
Found a stone staircase leading down.
Found a dagger.
A bat comes into view.
A bat is nearby!
Found 2 stones.
You see here a +0 dagger.
f - a +0 dagger The bat hits you but does no damage.
The bat barely misses you.
You shoot a sling bullet.
The sling bullet closely misses the bat.
The bat misses you.
You shoot a sling bullet. The sling bullet hits the bat.
You kill the bat!
No target in view!
Unknown command.
Unknown command.
Unknown command.
Found a ring mail.
A quokka comes into view.
Found 9 stones and a robe.
A quokka is nearby!
You shoot a sling bullet. The sling bullet hits the quokka.
You kill the quokka!
You see here 9 stones.
A frilled lizard comes into view.
The frilled lizard hisses angrily.
The frilled lizard hisses.
A frilled lizard is nearby!
A frilled lizard is nearby!
You shoot a sling bullet.
The sling bullet barely misses the frilled lizard.
You shoot a sling bullet.
The sling bullet closely misses the frilled lizard.
You shoot a sling bullet.
The sling bullet closely misses the frilled lizard.
You shoot a sling bullet.
The sling bullet completely misses the frilled lizard.
The frilled lizard bites you.
You are now empty-handed.
Really attack while wielding nothing? [Y]es or [N]o only, please.
Really attack while wielding nothing? [Y]es or [N]o only, please.
Really attack while wielding nothing?
Okay, then.
f - a +0 dagger (weapon)
You barely miss the frilled lizard. The frilled lizard closely misses you.
You barely miss the frilled lizard. The frilled lizard closely misses you.
You closely miss the frilled lizard. The frilled lizard barely misses you.
You miss the frilled lizard. The frilled lizard bites you.
You hit the frilled lizard.
You kill the frilled lizard!
Your Stealth skill increases to level 1!
No target in view!
Adjust (i)tems, (s)pells, or (a)bilities?
f - a +0 dagger (weapon)
Adjust to which letter? (? for menu, Esc to quit)
b - a +0 dagger (weapon);
f - a scroll of poison
a - a +1 sling (weapon)
g - a scroll labelled YPEARA XEOSENT A dart slug comes into view.
Found a stone staircase leading down.
A dart slug is nearby!
You shoot a sling bullet. The sling bullet hits the dart slug.
The dart slug is severely wounded.
You hear an angry hiss.
A ball python comes into view.
You shoot a sling bullet.
The sling bullet closely misses the ball python.
A dart slug comes into view.
The dart slug launches a dart at you. The slug dart hits you.
The ball python attacks as you move away!
The ball python bites you. The ball python closely misses you.
b - a +0 dagger (weapon)
The ball python barely misses you. The ball python misses you.
You hit the ball python.
The ball python is moderately wounded.
The ball python completely misses you. The ball python grabs you.
The ball python constricts you.
The dart slug briefly extends its eye-stalks.
You hit the ball python.
You kill the ball python!
a - a +1 sling (weapon)
Fire: a) +1 sling
Press: ? - help, Q - select action, (/) - cycle Shift-Dir - straight line, f - dart slug
Aim: a dart slug (93% to hit)
You shoot a sling bullet. The sling bullet hits the dart slug.
The dart slug is severely wounded.
The dart slug launches a dart at you. The slug dart hits you.
Fire: a) +1 sling
Press: ? - help, Q - select action, (/) - cycle Shift-Dir - straight line, f/p - dart slug
Aim: a dart slug (severely wounded, 93% to hit)
You shoot a sling bullet. The sling bullet hits the dart slug!
You kill the dart slug!
The dart slug launches a dart at you. The slug dart misses you.
Fire: a) +1 sling
Press: ? - help, Q - select action, (/) - cycle Shift-Dir - straight line, f - dart slug
Aim: a dart slug (heavily wounded, 93% to hit)
You shoot a sling bullet. The sling bullet hits the dart slug.
The dart slug is almost dead.
Fire: a) +1 sling
Press: ? - help, Q - select action, (/) - cycle Shift-Dir - straight line, f/p - dart slug
Aim: a dart slug (almost dead, 93% to hit)
You shoot a sling bullet. The sling bullet hits the dart slug.
You kill the dart slug!
Your Short Blades skill increases to level 1!
Your Stealth skill increases to level 2!
You have reached level 2!
HP restored.
A kobold comes into view. It is wielding a +0 short sword.
The kobold shouts!
b - a +0 dagger (weapon)
a - a +1 sling (weapon)
The kobold throws a stone.
The stone hits you but does no damage.
b - a +0 dagger (weapon)
The kobold hits you but does no damage.
You closely miss the kobold. The kobold hits you but does no damage.
You hit the kobold but do no damage. The kobold barely misses you.
You barely miss the kobold. The kobold barely misses you.
You miss the kobold. You bite the kobold.
The kobold is moderately wounded.
The kobold hits you with a +0 short sword.
You hit the kobold.
You kill the kobold!
No target in view!
No target in view!
No target in view!
No target in view!
No target in view!
No target in view!
No target in view!
No target in view!
No target in view!
No target in view!
No target in view!
h - a scroll labelled NESSUQATUH
Found a robe.
Found a ring mail.
i - a coppery potion You now have 41 gold pieces (gained 17).
A rat comes into view.
A rat is nearby!
A rat is nearby!
a - a +1 sling (weapon)
You shoot a sling bullet.
The sling bullet hits the rat but does no damage.
You shoot a sling bullet. The sling bullet hits the rat.
You kill the rat!
No target in view!
You now have 55 gold pieces (gained 14).
A goblin comes into view. It is wielding a +0 club.
A goblin is nearby!
A goblin is nearby!
You shoot a sling bullet. The sling bullet hits the goblin!
You kill the goblin!
No target in view!
No target in view!
A hobgoblin and a quokka come into view.
The hobgoblin shouts!
There are monsters nearby!
You shoot a sling bullet.
The sling bullet closely misses the quokka.
The quokka barely misses you.
You shoot a sling bullet. The sling bullet hits the quokka.
The quokka is heavily wounded.
The quokka misses you. The quokka closely misses you.
b - a +0 dagger (weapon)
You closely miss the quokka.
The quokka is heavily wounded.
The quokka closely misses you.
You miss the quokka. Your bite misses the quokka.
The quokka is heavily wounded.
The quokka bites you. The quokka barely misses you.
You closely miss the quokka.
The quokka is heavily wounded.
The hobgoblin hits you.
The quokka bites you but does no damage.
You are too injured to fight recklessly!
You are too injured to fight recklessly!
You are too injured to fight recklessly!
You are too injured to fight recklessly!
You are too injured to fight recklessly!
You are too injured to fight recklessly!
You are too injured to fight recklessly!
You are too injured to fight recklessly!
You are too injured to fight recklessly!
You are too injured to fight recklessly!
You are too injured to fight recklessly!
You are too injured to fight recklessly!
The hobgoblin attacks as you move away! The hobgoblin hits you.
The quokka bites you but does no damage.
The hobgoblin attacks as you move away! The hobgoblin hits you.
* * * LOW HITPOINT WARNING * * *
Casting: Slow (safe; 4% risk of failure)
Confirm with . or Enter, or press ? or * to list all spells.
Aiming: Slow (safe; 4% risk of failure)
Press: ? - help, Shift-Dir - straight line, f/p - quokka
Aim: a quokka (heavily wounded, chance to affect: 64%)
The hobgoblin struggles to resist.
The hobgoblin hits you.
* * * LOW HITPOINT WARNING * * *
Casting: Slow (safe; 4% risk of failure)
Confirm with . or Enter, or press ? or * to list all spells.
Aiming: Slow (safe; 4% risk of failure)
Press: ? - help, Shift-Dir - straight line, f/p - quokka
Aim: a quokka (heavily wounded, chance to affect: 64%)
The hobgoblin struggles to resist.
The hobgoblin barely misses you.
Casting: Slow (safe; 4% risk of failure)
Confirm with . or Enter, or press ? or * to list all spells.
Aiming: Slow (safe; 4% risk of failure)
Press: ? - help, Shift-Dir - straight line, f/p - quokka
Aim: a quokka (heavily wounded, chance to affect: 64%)
The hobgoblin seems to slow down.
The hobgoblin hits you but does no damage.
The hobgoblin is no longer moving slowly.
Found 6 poisoned darts.
There is a stone staircase leading down here.
You climb downwards.
The goblin shouts! x2; You hear a shout!
There is a stone staircase leading up here.
You hear a shout!
Robin throws the goblin at you! The goblin hits you with a +0 club.
The goblin shouts!
You hear a shout!
The hobgoblin shouts!
You climb upwards.
There is a stone staircase leading down here.
Casting: Slow (safe; 4% risk of failure)
Confirm with . or Enter, or press ? or * to list all spells.
Aiming: Slow (safe; 4% risk of failure)
Press: ? - help, Shift-Dir - straight line, f - quokka
Aim: a quokka (moderately wounded, chance to affect: 64%)
The quokka seems to slow down.
The quokka bites you but does no damage.
The hobgoblin hits you but does no damage.
You closely miss the quokka.
The quokka is moderately wounded.
The hobgoblin hits you. The quokka barely misses you.
You hit the quokka. You punch the quokka, but do no damage.
You bite the quokka.
You kill the quokka!
The hobgoblin barely misses you.
Casting: Slow (safe; 4% risk of failure)
Confirm with . or Enter, or press ? or * to list all spells.
Aiming: Slow (safe; 4% risk of failure)
Press: ? - help, Shift-Dir - straight line, f - hobgoblin
Aim: a hobgoblin (chance to affect: 64%)
The hobgoblin seems to slow down.
The hobgoblin hits you but does no damage.
You barely miss the hobgoblin. You closely miss the hobgoblin.
The hobgoblin hits you.
You hit the hobgoblin. Your bite misses the hobgoblin.
The hobgoblin is lightly wounded.
You barely miss the hobgoblin.
The hobgoblin is lightly wounded.
The hobgoblin closely misses you.
You hit the hobgoblin.
The hobgoblin is severely wounded.
You hit the hobgoblin.
You kill the hobgoblin!
You see here a hobgoblin corpse.
HP restored.
Magic restored.
You see here 6 poisoned darts.
A giant cockroach comes into view.
Found 4 gold pieces.
A giant cockroach is nearby!
A giant cockroach is nearby!
The giant cockroach closely misses you.
You hit the giant cockroach. You bite the giant cockroach.
You kill the giant cockroach!
No target in view!
You now have 59 gold pieces (gained 4).
Found 7 stones.
You now have 68 gold pieces (gained 9).
j - a yellow potion
Found a stone staircase leading down.
A bat comes into view.
Found 8 gold pieces.
A bat is nearby!
A bat is nearby!
A bat is nearby!
The helpless bat fails to defend itself.
You puncture the bat!
You kill the bat!
You now have 76 gold pieces (gained 8).
Done exploring.
Done exploring.
Done exploring.
No target in view!
There is a stone staircase leading down here.
You climb downwards.
Level annotation: Robin
There is a stone staircase leading up here.
An endoplasm comes into view.
An endoplasm is nearby!
An endoplasm is nearby!
The endoplasm freezes you.
You are frozen.
You hit the endoplasm.
The endoplasm is heavily wounded.
The endoplasm closely misses you.
You hit the endoplasm but do no damage.
The endoplasm is heavily wounded.
The endoplasm closely misses you.
You hit the endoplasm.
The endoplasm is severely wounded.
The endoplasm hits you.
You hit the endoplasm.
You kill the endoplasm!
No target in view!
No target in view!
No target in view!
No target in view!
No target in view!
No target in view!
HP restored.
Found a stone staircase leading down.
A kobold comes into view.
It is wielding a +2 short sword of electrocution.
A kobold is nearby!
Casting: Slow (safe; 4% risk of failure)
Confirm with . or Enter, or press ? or * to list all spells.
Aiming: Slow (safe; 4% risk of failure)
Press: ? - help, Shift-Dir - straight line, f - kobold
Aim: a kobold, wielding a +2 short sword of electrocution (chance to affect: 64%)
The kobold struggles to resist.
A goblin comes into view. It is wielding a +0 dagger.
The goblin moves out of view.
The goblin hits you with a +0 dagger. The goblin attacks as you move away!
The goblin completely misses you. The goblin attacks as you move away!
The goblin hits you with a +0 dagger. The goblin attacks as you move away!
The goblin hits you but does no damage. The goblin attacks as you move away!
The goblin hits you but does no damage. The goblin attacks as you move away!
The goblin hits you with a +0 dagger.
Casting: Slow (safe; 4% risk of failure)
Confirm with . or Enter, or press ? or * to list all spells.
Aiming: Slow (safe; 4% risk of failure)
Press: ? - help, Shift-Dir - straight line, f/p - kobold
Aim: a kobold, wielding a +2 short sword of electrocution (chance to affect: 64%)
The goblin seems to slow down.
The goblin closely misses you.
The goblin is no longer moving slowly.
a - a +1 sling (weapon)
Casting: Slow (safe; 4% risk of failure)
Confirm with . or Enter, or press ? or * to list all spells.
Aiming: Slow (safe; 4% risk of failure)
Press: ? - help, Shift-Dir - straight line, f/p - kobold
Aim: a kobold, wielding a +2 short sword of electrocution (chance to affect: 64%)
The goblin seems to slow down.
Fire: a) +1 sling
Press: ? - help, Q - select action, (/) - cycle Shift-Dir - straight line, f/p - kobold
Aim: a kobold, wielding a +2 short sword of electrocution (47% to hit)
You shoot a sling bullet. The sling bullet hits the goblin.
The goblin is heavily wounded.
Fire: a) +1 sling
Press: ? - help, Q - select action, (/) - cycle Shift-Dir - straight line, f/p - kobold
Aim: a kobold, wielding a +2 short sword of electrocution (47% to hit)
You shoot a sling bullet. The sling bullet hits the goblin!
You kill the goblin!
Casting: Slow (safe; 4% risk of failure)
Confirm with . or Enter, or press ? or * to list all spells.
Aiming: Slow (safe; 4% risk of failure)
Press: ? - help, Shift-Dir - straight line, f/p - kobold
Aim: a kobold, wielding a +2 short sword of electrocution (chance to affect: 64%)
The kobold seems to slow down.
Fire: a) +1 sling
Press: ? - help, Q - select action, (/) - cycle Shift-Dir - straight line, f/p - kobold
Aim: a kobold, wielding a +2 short sword of electrocution (slow, 47% to hit)
You shoot a sling bullet.
The sling bullet hits the kobold but does no damage.
Fire: a) +1 sling
Press: ? - help, Q - select action, (/) - cycle Shift-Dir - straight line, f/p - kobold
Aim: a kobold, wielding a +2 short sword of electrocution (slow, 47% to hit)
You shoot a sling bullet.
The sling bullet barely misses the kobold.
Fire: a) +1 sling
Press: ? - help, Q - select action, (/) - cycle Shift-Dir - straight line, f/p - kobold
Aim: a kobold, wielding a +2 short sword of electrocution (slow, 47% to hit)
You shoot a sling bullet.
The sling bullet barely misses the kobold.
The kobold is no longer moving slowly.
Casting: Slow (safe; 4% risk of failure)
Confirm with . or Enter, or press ? or * to list all spells.
You don't know that spell.
Casting: Slow (safe; 4% risk of failure)
Confirm with . or Enter, or press ? or * to list all spells.
Aiming: Slow (safe; 4% risk of failure)
Press: ? - help, Shift-Dir - straight line, f/p - kobold
Aim: a kobold, wielding a +2 short sword of electrocution (chance to affect: 64%)
The kobold struggles to resist.
The kobold attacks as you move away! The kobold closely misses you.
Casting: Slow (safe; 4% risk of failure)
Confirm with . or Enter, or press ? or * to list all spells.
Aiming: Slow (safe; 4% risk of failure)
Press: ? - help, Shift-Dir - straight line, f/p - kobold
Aim: a kobold, wielding a +2 short sword of electrocution (chance to affect: 64%)
The kobold seems to slow down.
The kobold is no longer moving slowly.
You see here a +0 dagger.
Casting: Slow (safe; 4% risk of failure)
Confirm with . or Enter, or press ? or * to list all spells.
Aiming: Slow (safe; 4% risk of failure)
Press: ? - help, Shift-Dir - straight line, f/p - kobold
Aim: a kobold, wielding a +2 short sword of electrocution (chance to affect: 64%)
The kobold seems to slow down.
The kobold is no longer moving slowly.
Casting: Slow (safe; 4% risk of failure)
Confirm with . or Enter, or press ? or * to list all spells.
Aiming: Slow (safe; 4% risk of failure)
Press: ? - help, Shift-Dir - straight line, f/p - kobold
Aim: a kobold, wielding a +2 short sword of electrocution (chance to affect: 64%)
The kobold struggles to resist.
Casting: Slow (safe; 4% risk of failure)
Confirm with . or Enter, or press ? or * to list all spells.
Aiming: Slow (safe; 4% risk of failure)
Press: ? - help, Shift-Dir - straight line, f/p - kobold
Aim: a kobold, wielding a +2 short sword of electrocution (chance to affect: 64%)
The kobold struggles to resist.
Casting: Slow (safe; 4% risk of failure)
Confirm with . or Enter, or press ? or * to list all spells.
You don't have enough magic to cast this spell.
Unknown command.
You see here a +0 dagger.
Casting: Slow (safe; 4% risk of failure)
Confirm with . or Enter, or press ? or * to list all spells.
Aiming: Slow (safe; 4% risk of failure)
Press: ? - help, Shift-Dir - straight line, f/p - kobold
Aim: a kobold, wielding a +2 short sword of electrocution (chance to affect: 64%)
The kobold seems to slow down.
Robin shouts!
The hobgoblin shouts!
You hear a shout! x2
The hobgoblin shouts!
The goblin shouts!
The hobgoblin shouts!
The goblin shouts!
You hear a shout!
Really read the scroll of poison?
The air fills with toxic fumes!
As you read the scroll of poison, it crumbles to dust.
Robin roars a battlecry!
The goblins go into a battle-frenzy!
You hear a shout! x2
As you read the scroll labelled YPEARA XEOSENT, it crumbles to dust.
It is a scroll of identify.
d - a potion of mutation Robin hits you with a +0 dagger of holy wrath.
You convulse.
Casting: Slow (safe; 4% risk of failure)
Confirm with . or Enter, or press ? or * to list all spells.
Aiming: Slow (safe; 4% risk of failure)
Press: ? - help, Shift-Dir - straight line, f - Robin, p - kobold
Aim: Robin, wielding a +0 dagger of holy wrath, wearing a +0 animal skin and wearing a +0 helmet (chance to affect: 55%) Robin seems to slow down.
Robin hits you with a +0 dagger of holy wrath.
You convulse.
It was a potion of berserk rage.
A red film seems to cover your vision as you go berserk!
You feel yourself moving faster!
You feel mighty!
b - a +0 dagger (weapon)
You feel a strong urge to attack something.
Robin closely misses you.
You hit Robin.
Robin is lightly wounded.
You barely miss Robin.
Robin is lightly wounded.
Robin hits you with a +0 dagger of holy wrath.
You convulse.
You completely miss Robin. Your bite misses Robin.
Robin is lightly wounded.
You barely miss Robin.
Robin is lightly wounded.
You hit Robin.
Robin is moderately wounded.
Robin completely misses you.
You hit Robin.
Robin is severely wounded.
You hit Robin but do no damage. You bite Robin.
Robin is almost dead.
The kobold is no longer moving slowly.
You puncture Robin!
You kill Robin!
Your Short Blades skill increases to level 2!
Your Stealth skill increases to level 3!
You have reached level 3!
Your experience leads to an increase in your attributes!
Increase (S)trength, (I)ntelligence, or (D)exterity?
You feel clever. x2
You can now turn into a vampire bat when bloodless.
The hobgoblin hits you.
Things that are here:
a +0 dagger of holy wrath; a +0 animal skin; a +0 helmet You puncture the hobgoblin!
You kill the hobgoblin!
You are no longer berserk.
You are exhausted.
You feel yourself slow down.
Unknown command.
Casting: Slow (safe; 3% risk of failure)
Confirm with . or Enter, or press ? or * to list all spells.
Aiming: Slow (safe; 3% risk of failure)
Press: ? - help, Shift-Dir - straight line, f - kobold
Aim: a kobold, wielding a +2 short sword of electrocution (chance to affect: 66%)
The kobold seems to slow down.
* * * LOW MAGIC WARNING * * *
You aren't carrying any items that you can evoke.
It was a potion of might.
You feel very mighty all of a sudden.
The goblin no longer looks unusually strong. x2
The hobgoblin no longer looks unusually strong.
Things that are here:
a +0 dagger of holy wrath; a +0 animal skin; a +0 helmet You hit the kobold.
You kill the kobold!
The goblin no longer looks unusually strong.
The hobgoblin no longer looks unusually strong.
The hobgoblin hits you. The hobgoblin misses you.
Things that are here:
a +0 dagger of holy wrath; a +0 animal skin; a +0 helmet You closely miss the hobgoblin.
The hobgoblin completely misses you.
You closely miss the hobgoblin. The hobgoblin closely misses you.
The hobgoblin misses you.
The goblin shouts!
You puncture the hobgoblin!
You kill the hobgoblin!
You hear a shout!
You hit the goblin.
You kill the goblin!
The goblin closely misses you. The goblin barely misses you.
You see here a +0 club.
You hit the goblin.
You kill the goblin!
You closely miss the goblin. You bite the goblin.
You kill the goblin!
A goblin comes into view. It is wielding a +0 dagger.
You miss the goblin. Your bite misses the goblin.
The goblin hits you with a +0 dagger. The goblin closely misses you.
You miss the goblin. The goblin hits you but does no damage.
You hit the goblin.
The goblin is heavily wounded.
The goblin closely misses you.
You puncture the goblin!
You kill the goblin!
The hobgoblin hits you.
You closely miss the hobgoblin. The hobgoblin hits you.
You completely miss the hobgoblin. The hobgoblin hits you.
A hobgoblin comes into view.
The hobgoblin barely misses you.
You puncture the hobgoblin!
You kill the hobgoblin!
You hit the goblin.
You kill the goblin!
You hit the goblin.
You kill the goblin!
You hit the hobgoblin.
The hobgoblin is heavily wounded.
The hobgoblin barely misses you. x2
You puncture the hobgoblin!
You kill the hobgoblin!
You swing at nothing.
You feel yourself speed up.
Items here: ))))) ††.
You see here a +0 club.
e - a +0 helmet
Things that are here:
a +0 dagger of holy wrath; a +0 animal skin You feel a little less mighty now.
You see here a +2 short sword of electrocution.
f - a +2 short sword of electrocution You hear the crackle of electricity.
f - a +2 short sword of electrocution (weapon)
Magic restored.
You recover from your berserk rage.
Things that are here:
a +0 dagger of holy wrath; a +0 animal skin You see here a +0 club.
Items here: ))))) ††.
There is a stone staircase leading down here.
A goblin is nearby!
A goblin is nearby!
The goblin shouts!
You hit the goblin. You bite the goblin, but do no damage.
The goblin is heavily wounded.
The goblin hits you but does no damage.
You closely miss the goblin.
The goblin is heavily wounded.
The goblin hits you but does no damage.
You barely miss the goblin. Your bite misses the goblin.
The goblin is heavily wounded.
The goblin closely misses you.
You closely miss the goblin.
The goblin is heavily wounded.
The goblin misses you.
You closely miss the goblin.
The goblin is heavily wounded.
A giant cockroach comes into view.
The goblin completely misses you.
There are monsters nearby!
You hit the goblin but do no damage. Lightning courses through the goblin!!
You kill the goblin!
You barely miss the giant cockroach. The giant cockroach bites you.
You hit the giant cockroach but do no damage.
The giant cockroach barely misses you.
You hit the giant cockroach but do no damage.
Lightning courses through the giant cockroach!!
You kill the giant cockroach!
No target in view!
No target in view!
Found 8 stones.
You see here 8 stones.
You now have 86 gold pieces (gained 10).
You now have 97 gold pieces (gained 11).
Found a stone staircase leading down.
A quokka comes into view.
The quokka bites you. The quokka barely misses you.
You hit the quokka. Your bite misses the quokka.
The quokka is severely wounded.
You hit the quokka. Lightning courses through the quokka!
You kill the quokka!
No target in view!
No target in view!
No target in view!
No target in view!
No target in view!
No target in view!
No target in view!
You see here a quokka corpse.
There is a stone staircase leading down here.
There is a stone staircase leading down here.
A hobgoblin comes into view.
The hobgoblin moves out of view.
A hobgoblin is nearby!
You closely miss the hobgoblin.
The hobgoblin shouts!
The hobgoblin hits you but does no damage.
You hit the hobgoblin.
The hobgoblin is lightly wounded.
The hobgoblin hits you.
You hit the hobgoblin.
Lightning courses through the hobgoblin!
You kill the hobgoblin!
No target in view!
No target in view!
No target in view!
No target in view!
Found a stone staircase leading down.
There is a stone staircase leading down here.
You pick up a book of Death and begin reading...
You add the spells Animate Dead, Haunt and Infestation to your library.
There is a stone staircase leading down here.
An endoplasm comes into view.
An endoplasm is nearby!
An endoplasm is nearby!
An endoplasm is nearby!
An endoplasm is nearby!
The endoplasm quivers.
The endoplasm freezes you.
You are frozen.
You hit the endoplasm.
You kill the endoplasm!
No target in view!
No target in view!
No target in view!
No target in view!
No target in view!
A rat comes into view.
A rat is nearby!
A rat is nearby!
You hit the rat.
You kill the rat!
No target in view!
Found a stone staircase leading up.
You see here a rat corpse.
A goblin comes into view. It is wielding a +0 dagger.
A goblin is nearby!
The goblin hits you with a +0 dagger.
You hit the goblin.
The goblin is heavily wounded.
You closely miss the goblin. You bite the goblin.
You kill the goblin!
No target in view!
No target in view!
No target in view!
No target in view!
You see here a +0 dagger.
You see here a +0 dagger.
g - a scroll labelled GUHYIS NETHROOHAA
There is a stone staircase leading down here.
A quokka comes into view.
A quokka is nearby!
The helpless quokka fails to defend itself.
You puncture the quokka!
You kill the quokka!
No target in view!
No target in view!
No target in view!
No target in view!
No target in view!
Found a war axe.
You now have 107 gold pieces (gained 10).
A jackal comes into view.
A jackal is nearby!
A jackal comes into view.
The jackal barks!
The jackal barks!
The jackal barely misses you.
You closely miss the jackal. Your bite misses the jackal.
The jackal misses you.
You hit the jackal.
The jackal is almost dead.
The jackal bites you.
The jackal bites you but does no damage.
You hit the jackal.
You kill the jackal!
You hit the jackal but do no damage. Lightning courses through the jackal!
You kill the jackal!
No target in view!
No target in view!
No target in view!
No target in view!
No target in view!
No target in view!
No target in view!
No target in view!
No target in view!
No target in view!
No target in view!
No target in view!
No target in view!
No target in view!
You see here a jackal corpse.
An adder comes into view.
An adder is nearby!
An adder is nearby!
A bat comes into view.
A giant cockroach comes into view.
The bat hits you but does no damage. The bat closely misses you.
The bat hits you but does no damage.
You barely miss the bat.
The adder hisses angrily.
The bat hits you.
You miss the adder. The adder bites you. The bat barely misses you.
You closely miss the adder. Your bite misses the adder. The bat misses you.
The adder misses you. The giant cockroach barely misses you.
You closely miss the adder. The adder bites you but does no damage.
The giant cockroach bites you but does no damage.
You miss the adder. Your bite misses the adder. The bat closely misses you.
The adder closely misses you. The giant cockroach bites you.
You hit the adder but do no damage. The bat misses you. The adder misses you.
The giant cockroach bites you.
You closely miss the adder. The bat hits you. The adder bites you.
The giant cockroach bites you but does no damage.
You hit the adder.
The adder is moderately wounded.
The adder bites you.
You are poisoned.
The adder poisons you!
The giant cockroach bites you but does no damage.
The adder misses you.
You closely miss the adder. Your bite misses the adder.
The adder is moderately wounded.
You feel sick. The bat hits you. The giant cockroach closely misses you.
The adder bites you.
* * * LOW HITPOINT WARNING * * *
The bat barely misses you.
You are too injured to fight recklessly!
You are too injured to fight recklessly!
You are too injured to fight recklessly!
You are too injured to fight recklessly!
You are too injured to fight recklessly!
There are monsters nearby!
There are monsters nearby!
The giant cockroach attacks as you move away!
The giant cockroach closely misses you.
You feel sick. The bat misses you.
You closely miss the bat. You bite the bat.
The bat is moderately wounded.
You feel sick. The bat closely misses you.
You hit the giant cockroach but do no damage.
Lightning courses through the giant cockroach!
You kill the giant cockroach!
You feel sick.
You are no longer poisoned.
The bat hits you but does no damage.
You miss the adder.
The adder is moderately wounded.
The adder bites you.
* * * LOW HITPOINT WARNING * * *
You are poisoned.
The adder poisons you!
You barely miss the adder.
The adder is moderately wounded.
You feel sick. The adder barely misses you.
You hit the adder.
The adder is severely wounded.
You feel sick. The adder bites you.
* * * LOW HITPOINT WARNING * * *
You are lethally poisoned!
The adder poisons you!
It was a potion of curing.
You feel better. The adder bites you.
* * * LOW HITPOINT WARNING * * *
You hit the adder.
You kill the adder!
The bat closely misses you.
Your Stealth skill increases to level 4!
You have reached level 4!
You puncture the bat!
You kill the bat!
Things that are here:
a bat corpse; a giant cockroach corpse
Found a hammer.
Found a runed translucent door.
Found a leather armour.
An endoplasm comes into view.
An endoplasm is nearby!
A kobold comes into view. It is wielding a +0 club.
The helpless endoplasm fails to defend itself.
You impale the endoplasm!!
Lightning courses through the endoplasm!!
You kill the endoplasm!
The helpless kobold fails to defend itself.
You puncture the kobold! Lightning courses through the kobold!!
You kill the kobold!
Things that are here:
a +0 club; a kobold corpse
Things that are here:
a +0 club; a kobold corpse You open the door.
There is an open door here.
There is an open door here.
A goblin comes into view. It is wielding a +0 club.
A goblin is nearby!
A goblin is nearby!
A goblin is nearby!
The helpless goblin fails to defend itself.
You impale the goblin!!
You kill the goblin!
No target in view!
No target in view!
No target in view!
No target in view!
No target in view!
No target in view!
No target in view!
i - a +0 cloak You start putting on your armour.
You continue putting on your +0 cloak. x4
You finish putting on your +0 cloak.
You start putting on your armour.
You continue putting on your +0 helmet. x4
You finish putting on your +0 helmet.
Things that are here:
a +0 club; a +0 sling; a goblin corpse A ball python comes into view.
The ball python hisses angrily.
A ball python is nearby!
A ball python is nearby!
The ball python bites you. The ball python grabs you.
The ball python constricts you. The ball python bites you.
The ball python constricts you.
You hit the ball python.
Lightning courses through the ball python!
You kill the ball python!
No target in view!
No target in view!
No target in view!
No target in view!
No target in view!
A giant cockroach comes into view.
A giant cockroach is nearby!
A giant cockroach is nearby!
The helpless giant cockroach fails to defend itself.
You impale the giant cockroach!!
You kill the giant cockroach!
No target in view!
No target in view!
No target in view!
No target in view!
No target in view!
No target in view!
No target in view!
You see here a giant cockroach corpse.
Things that are here:
a +0 club; a +0 sling; a goblin corpse A giant cockroach comes into view.
A giant cockroach is nearby!
A giant cockroach is nearby!
The helpless giant cockroach fails to defend itself.
You puncture the giant cockroach!
You kill the giant cockroach!
No target in view!
No target in view!
No target in view!
No target in view!
No target in view!
No target in view!
No target in view!
No target in view!
You see here a giant cockroach corpse.
Key pressed, stopping explore.
You see here 8 stones.
You see here a +0 leather armour.
Crazy Yiuf cries, "You leg down broken song, no?"
Could not explore, unopened runed door.
No reachable target in view!
No reachable target in view!
No reachable target in view!
No reachable target in view!
No reachable target in view!
No reachable target in view!
No reachable target in view!
Press: ? - help, v - describe, . - travel
Here: Crazy Yiuf, wielding a +2 quarterstaff of chaos and wearing a +2 cloak of stealth (fire blocked by a runed translucent door)
The floor.
You open the door.
Crazy Yiuf drinks a potion.
Crazy Yiuf goes berserk!
You aren't carrying any items that you can evoke.
As you read the scroll labelled GUHYIS NETHROOHAA, it crumbles to dust.
It is a scroll of enchant weapon.
Your +2 short sword of electrocution glows red for a moment.
You closely miss Crazy Yiuf. Crazy Yiuf barely misses you.
You hit Crazy Yiuf. Lightning courses through Crazy Yiuf!
Crazy Yiuf is severely wounded.
Crazy Yiuf hits you with a +2 quarterstaff of chaos!!
Ouch! That really hurt!
* * * LOW HITPOINT WARNING * * *
Crazy Yiuf freezes you!
* * * LOW HITPOINT WARNING * * *
You hit Crazy Yiuf.
Crazy Yiuf is almost dead.
Crazy Yiuf barely misses you.
Crazy Yiuf hits you with a +2 quarterstaff of chaos!
You die...

#.#.#
#....####.#
#.# #.#.#
##..##
#.####.####
#.#.# #....#
#.......†..
#.#.##
##...#
######.####
#####.#..#
##.##
#######.#...
#....)...#
##.#
#.......#.##
#.###.####
#.##
######..#.#.
#.# #.# ##.#
#..#.#. #.#
#.# #@##
#..#.## #.#
#.# #g#
#..#... #.#
#.# ...
#..#### #.#
#.# #...#
#...... #.#
#.# #)..#
#.##### #.#
#.# #####
#.# #.# #.#
#.# #.# #†#
##.#####
###.# #.#
#.......


You could see Crazy Yiuf (berserk).

Vanquished Creatures
  Robin (D:2)
  An adder (D:2)
  2 dart slugs (D:1)
  3 endoplasms (D:2)
  5 giant cockroaches
  11 goblins
  6 hobgoblins
  2 jackals (D:2)
  3 kobolds
  4 quokkas
  2 ball pythons
  3 bats
  A frilled lizard (D:1)
  2 rats
46 creatures vanquished.

Notes
Turn   | Place    | Note
-------+----------+-------------------------------------------
     0 | D:1      | sleeves the Vampire Hexslinger began the quest for the Orb.
     0 | D:1      | Reached XP level 1. HP: 14/14 MP: 2/2
   137 | D:1      | Reached skill level 1 in Stealth
   179 | D:1      | Reached skill level 1 in Short Blades
   179 | D:1      | Reached skill level 2 in Stealth
   179 | D:1      | Reached XP level 2. HP: 15/20 MP: 3/3
   271 | D:1      | HP: 9/20 [hobgoblin (4)]
   303 | D:2      | Noticed Robin
   816 | D:2      | Killed Robin
   817 | D:2      | Reached skill level 2 in Short Blades
   817 | D:2      | Reached skill level 3 in Stealth
   817 | D:2      | Gained mutation: You are afflicted with vampirism and can
                  | become a bat while bloodless. [Vampire growth]
   817 | D:2      | Reached XP level 3. HP: 25/25 MP: 0/4
  1268 | D:2      | HP: 12/25 [adder (3)]
  1273 | D:2      | HP: 6/25 [poisoned by an adder]
  1277 | D:2      | Reached skill level 4 in Stealth
  1277 | D:2      | Reached XP level 4. HP: 14/31 MP: 5/5
  1325 | D:2      | Found a runed translucent door.
  1326 | D:2      | Noticed Crazy Yiuf
  1758 | D:2      | HP: 12/31 [Crazy Yiuf/+2 quarterstaff of chaos (19)]
  1758 | D:2      | HP: 3/31 [Crazy Yiuf/+2 quarterstaff of chaos (9)]
  1759 | D:2      | Mangled by Crazy Yiuf

Illustrated notes

Levels and vault maps discovered:
D:1:      roderic_chinese_lattice_arrival, layout_rooms
D:2:      layout_basic, uniq_robin, uniq_crazy_yiuf_cottage

Skill      XL: |  1  2  3 |
---------------+----------+-----
Stealth        | 2 3 4 |  4.3
Short Blades   | 1 2 |  2.8
Fighting       | |  0.8
Ranged Weapons | |  1.5
Dodging        | |  2.1
Spellcasting   | |  1.0
Hexes          | |  4.4

Action                   |  1- 3 |  4- 6 || total
-------------------------+-------+-------++-------
Melee: Dagger            |    56 |       ||    56
       Bite              |     8 |       ||     8
       Punch             |     1 |       ||     1
       Short sword       |    38 |    10 ||    48
 Fire: Sling             |    23 |       ||    23
 Cast: Slow              |    17 |       ||    17
  Use: Scroll            |     2 |     1 ||     3
       Potion            |     3 |       ||     3
 Stab: Sleeping          |     2 |     5 ||     7
Armor: Robe              |    25 |       ||    25
Dodge: Dodged            |    64 |     2 ||    66

Table legend: (Time is in decaauts)
 A = Elapsed time spent in this place.
 B = Non-inter-level travel time spent in this place.
 C = Inter-level travel time spent in this place.
 D = Time resting spent in this place.
 E = Time spent auto-exploring this place.
 F = Levels seen in this place.
 G = Mean time per level.
                   A        B        C        D        E       F      G
               +--------+--------+--------+--------+--------+-----+--------+
         Total |   1756 |   1726 |     30 |      0 |   1269 |   2 |  878.0 |
       Dungeon |   1756 |   1726 |     30 |      0 |   1269 |   2 |  878.0 |
               +--------+--------+--------+--------+--------+-----+--------+

Top non-repeatable levels by time:
     D:2: 1143 daAuts
     D:1: 613 daAuts
